 Dungeon Crawl Stone Soup version 0.26-a0-812-g31a745ddcd (webtiles) character file.

Game seed: 12523438236129112877

56 MalarOregon the Charlatan (level 3, -2/29 HPs)
             Began as a Draconian Artificer on Nov 18, 2020.
             Slain by Natasha (8 damage)
             ... on level 2 of the Dungeon.
             The game lasted 00:01:57 (1354 turns).

MalarOregon the Charlatan (Draconian Artificer)     Turns: 1354, Time: 00:01:58

Health: -2/29      AC:  5    Str: 14    XL:     3   Next: 71%
Magic:  3/3        EV: 12    Int: 11    God:
Gold:   47         SH:  0    Dex: 12    Spells: 2/2 levels left

rFire    . . .     SeeInvis .   f - +0 whip
rCold    . . .     Faith    .   (no shield)
rNeg     . . .     Spirit   .   (armour unavailable)
rPois    .         Reflect  .   (helmet restricted)
rElec    .         Harm     .   (no cloak)
rCorr    .         Rampage  .   (no gloves)
MR       .....                  (no boots)
Stlth    ++........             (no amulet)
HPRegen  0.09/turn              (no ring)
MPRegen  0.08/turn              (no ring)

@: no status effects
A: unfitting armour, cold-blooded, AC +5
a: no special abilities


You were on level 2 of the Dungeon.
You visited 1 branch of the dungeon, and saw 2 of its levels.

You collected 47 gold pieces.

Inventory:

Hand Weapons
 f - a +0 whip (weapon)
   (You took it off a kobold on level 1 of the Dungeon)
Wands
 c - a wand of enslavement (12)
 t - a wand of flame (15)
Scrolls
 a - 2 scrolls of teleportation {unknown}
 d - 2 scrolls of amnesia {unknown}
 e - a scroll of enchant armour {unknown}
 k - a scroll of identify {unknown}
Potions
 b - 2 potions of brilliance {unknown}
 g - a potion of flight {unknown}
 h - a potion of heal wounds {unknown}
 i - 2 potions of attraction {unknown}
 j - a potion of haste {unknown}


   Skills:
 + Level 2.0 Fighting
 + Level 1.2 Maces & Flails
 + Level 2.5 Dodging
 + Level 1.7 Stealth
 + Level 3.3 Evocations


You had 2 spell levels left.
You didn't know any spells.
Your spell library was empty.

Dungeon Overview and Level Annotations

Branches:
Dungeon (2/15)

Altars:

Annotations:
D:2 Natasha


Innate Abilities, Weirdness & Mutations

Your plain brown scales are hard. (AC +5)
You cannot fit into any form of body armour.
You are cold-blooded and may be slowed by cold attacks.


Message History

You hit Natasha. Natasha barely misses you.
You closely miss Natasha. Natasha closely misses you.
You barely miss Natasha. Natasha claws you but does no damage.
You hit Natasha.
Natasha howls an incantation.
Natasha's front paws start to glow.
Natasha claws you.
You hit Natasha but do no damage.
Your tail-slap misses Natasha.
Natasha misses you. Natasha claws you.
You hit Natasha but do no damage.
Your tail-slap misses Natasha.
Natasha stares at you and mumbles some strange words.
The magic dart hits you.
You closely miss Natasha.
Natasha wildly gestures.
Natasha's front paws start to glow.
Natasha mumbles some strange words.
You hit Natasha.
You kill Natasha!
Natasha yowls pathetically as she dies!
The crimson imp disappears in a puff of smoke!
Your Fighting skill increases to level 2!
i - 2 smoky amethyst potions (gained 1)
k - a scroll labelled DUAMPO KUSCH
There is a shaft here.
Natasha, Servant of Life and Death comes into view.
Natasha hisses angrily.
You closely miss Natasha.
Natasha stares at you and mumbles some strange words.
You feel yourself slow down.
You completely miss Natasha. Natasha claws you. x2
You closely miss Natasha. Natasha claws you.
You closely miss Natasha. Natasha claws you!
* * * LOW HITPOINT WARNING * * *
Natasha stares at you and mumbles some strange words.
You feel as though you will be slow longer.
Aim: Natasha (chance to defeat MR: 55%) Natasha is charmed.
There is a shaft here.
You feel yourself speed up.
Natasha is no longer charmed.
Natasha completely misses you.
Aim: Natasha (chance to defeat MR: 55%) Natasha resists with significant effort.
Natasha growls.
Natasha claws you.
* * * LOW HITPOINT WARNING * * *
Aim: Natasha (chance to defeat MR: 55%) Natasha resists with significant effort.
Natasha claws you!
You die...

#.#....<....#
#.#......#### #.#####..#
#.# ###.## #.# #>..# #
####.###.### #
##....#...## ##
##<.........## #.
#......†@h...# ###
#............##########..
#..........^..........#..
##.....(....#########.##.
##...##...## #....
########## #####


You could see Natasha.

Vanquished Creatures
  Natasha (D:2)
  A worm (D:2)
  A leopard gecko (D:1)
  2 giant cockroaches (D:1)
  6 goblins (D:1)
  2 hobgoblins (D:1)
  2 jackals (D:1)
  3 bats (D:1)
  2 frilled lizards
  2 kobolds (D:1)
  4 rats (D:1)
26 creatures vanquished.

Notes
Turn   | Place    | Note
-------+----------+-------------------------------------------
     0 | D:1      | MalarOregon the Draconian Artificer began the quest for the
                  | Orb.
     0 | D:1      | Reached XP level 1. HP: 16/16 MP: 1/1
    50 | D:1      | Reached skill level 1 in Stealth
   340 | D:1      | Reached XP level 2. HP: 6/23 MP: 2/2
   876 | D:1      | Reached skill level 1 in Maces & Flails
  1171 | D:2      | Reached XP level 3. HP: 29/29 MP: 3/3
  1187 | D:2      | Noticed Natasha
  1204 | D:2      | Killed Natasha
  1319 | D:2      | Noticed Natasha
  1354 | D:2      | Slain by Natasha

Illustrated notes

Levels and vault maps discovered:
D:1:      dpeg_arrival_three_same_balls, layout_basic, minmay_bisected
D:2:      minmay_razor_zed, layout_rooms, uniq_natasha

Skill      XL: |  1  2  3 |
---------------+----------+-----
Stealth        | 1 |  1.7
Maces & Flails | 1 |  1.2
Fighting       | 2 |  2.0
Dodging        | |  2.5
Evocations     | |  3.3

Action                   || total
-------------------------++-------
Melee: Club              ||    46
       Tailslap          ||     7
       Whip              ||    73
Evoke: Wand              ||     3
Armor: Skin              ||    39
Dodge: Dodged            ||    84

Table legend: (Time is in decaauts)
 A = Elapsed time spent in this place.
 B = Non-inter-level travel time spent in this place.
 C = Inter-level travel time spent in this place.
 D = Time resting spent in this place.
 E = Time spent auto-exploring this place.
 F = Levels seen in this place.
 G = Mean time per level.
                   A        B        C        D        E       F      G
               +--------+--------+--------+--------+--------+-----+--------+
         Total |   1386 |   1346 |     40 |    383 |    686 |   2 |  693.0 |
       Dungeon |   1386 |   1346 |     40 |    383 |    686 |   2 |  693.0 |
               +--------+--------+--------+--------+--------+-----+--------+

Top non-repeatable levels by time:
     D:1: 1176 daAuts
     D:2: 209 daAuts
